 Dungeon Crawl Stone Soup version 0.28-a0-1395-g4f6bc678fa (webtiles) character file.

Game seed: 14434148192312271248

24 vineage the Skirmisher (level 2, 0/25 HPs)
             Began as a Demonspawn Fighter on Jan 4, 2022.
             Succumbed to an adder's poison
             ... on level 2 of the Dungeon.
             The game lasted 00:01:06 (1008 turns).

vineage the Skirmisher (Demonspawn Fighter)         Turns: 1008, Time: 00:01:07

Health: 0/25       AC:  6    Str: 16    XL:     2   Next: 79%
Magic:  2/2        EV: 11    Int:  9    God:
Gold:   40         SH:  4    Dex: 12    Spells: 1/1 levels left

rFire   + . .      SeeInvis .   h - +1 short sword (speed)
rCold   . . .      Faith    .   c - +0 buckler
rNeg    + . .      Spirit   .   b - +0 scale mail
rPois   .          Reflect  .   (no helmet)
rElec   .          Harm     .   (no cloak)
rCorr   .          Rampage  .   (no gloves)
Will    .....                   (no boots)
Stlth   ..........              (no amulet)
HPRegen 0.08/turn               k - ring of positive energy
MPRegen 0.08/turn               g - ring of protection from fire

@: mighty, lethally poisoned (0 -> -7), invisible
A: repulsion field 1
a: no special abilities


You were on level 2 of the Dungeon.
You visited 1 branch of the dungeon, and saw 2 of its levels.

You collected 40 gold pieces.

Inventory:

Hand Weapons
 a - a +0 flail
 h - a +1 short sword of speed (weapon)
Armour
 b - a +0 scale mail (worn)
 c - a +0 buckler (worn)
Jewellery
 g - a ring of protection from fire (right hand)
 k - a ring of positive energy (left hand)
Scrolls
 f - a scroll of identify


   Skills:
 + Level 4.1 Fighting
 - Level 1.7 Maces & Flails
 - Level 2.6 Armour
 - Level 2.6 Shields


You had one spell level left.
You didn't know any spells.
Your spell library was empty.

Dungeon Overview and Level Annotations

Branches:
Dungeon (2/15)

Altars:

Shops:
D:1 !


Innate Abilities, Weirdness & Mutations

You are surrounded by a mild repulsion field. (EV +2)


Message History

You barely miss the adder.
The adder is moderately wounded.
You feel sick. You block the adder's attack.
You barely miss the adder.
The adder is moderately wounded.
You feel sick. You block the adder's attack. The endoplasm freezes you.
You are frozen.
You are too injured to fight recklessly!
You are too injured to fight recklessly!
You are too injured to fight recklessly!
You are too injured to fight recklessly!
You are too injured to fight recklessly!
You are too injured to fight recklessly!
You are too injured to fight recklessly!
You are too injured to fight recklessly!
You are too injured to fight recklessly!
You are too injured to fight recklessly!
You are too injured to fight recklessly!
You are too injured to fight recklessly!
You are too injured to fight recklessly!
You are too injured to fight recklessly!
You are too injured to fight recklessly!
You feel sick. The adder bites you.
* * * LOW HITPOINT WARNING * * *
You are lethally poisoned!
The adder poisons you!
It was a potion of invisibility.
You fade into invisibility!
* * * LOW HITPOINT WARNING * * *
You feel very sick. The adder barely misses you. The adder closely misses you.
The endoplasm hits you but does no damage.
You feel very mighty all of a sudden.
* * * LOW HITPOINT WARNING * * *
You feel sick. You block the adder's attack.
The endoplasm hits you but does no damage.
You hit the endoplasm.
The endoplasm is severely wounded.
You die...

.......... . ........
.. ....... ...###.....
<..#....#.# ........##
##..#.... # ##
#.SJ##... .#...
......#@##..###....
..### #..#..#.....
##.##...# ###..)...#
#.....#.#####
#########..##.......#
..........###.......#
..##....######......##
.......<..............#


You could see an adder and an endoplasm.

Vanquished Creatures
  4 ball pythons (D:1)
  A bat (D:1)
  An endoplasm (D:1)
  A giant cockroach (D:1)
  3 goblins
  3 jackals (D:1)
  A quokka (D:1)
  2 frilled lizards (D:1)
  2 kobolds (D:1)
  4 rats
22 creatures vanquished.

Notes
Turn   | Place    | Note
-------+----------+-------------------------------------------
     0 | D:1      | vineage the Demonspawn Fighter began the quest for the Orb.
     0 | D:1      | Reached XP level 1. HP: 18/18 MP: 1/1
   252 | D:1      | Gained mutation: You are surrounded by a mild repulsion
                  | field. (EV +2) [demonic ancestry]
   252 | D:1      | Reached XP level 2. HP: 23/24 MP: 2/2
   515 | D:1      | Found Guamon's Distillery.
   714 | D:1      | Reached skill level 4 in Fighting
  1008 | D:2      | Succumbed to an adder's poison

Illustrated notes

Levels and vault maps discovered:
D:1:      scummos_arrival_gate, layout_basic, serial_shops, shop,
          minmay_pentomino_v4
D:2:      layout_rooms

Skill      XL: |  1  2 |
---------------+-------+-----
Fighting       | 4 |  4.1
Maces & Flails | |  1.7
Armour         | |  2.6
Shields        | |  2.6

Action                   || total
-------------------------++-------
Melee: Flail             ||    18
       Short sword       ||    54
  Use: Scroll            ||     4
       Potion            ||     2
Armor: Scale mail        ||    32
Dodge: Dodged            ||    42
Block: Buckler           ||    27

Table legend: (Time is in decaauts)
 A = Elapsed time spent in this place.
 B = Non-inter-level travel time spent in this place.
 C = Inter-level travel time spent in this place.
 D = Time resting spent in this place.
 E = Time spent auto-exploring this place.
 F = Levels seen in this place.
 G = Mean time per level.
                   A        B        C        D        E       F      G
               +--------+--------+--------+--------+--------+-----+--------+
         Total |    999 |    945 |     54 |      0 |    791 |   2 |  499.5 |
       Dungeon |    999 |    945 |     54 |      0 |    791 |   2 |  499.5 |
               +--------+--------+--------+--------+--------+-----+--------+

Top non-repeatable levels by time:
     D:1: 963 daAuts
     D:2: 36 daAuts
